 Dungeon Crawl Stone Soup version 0.20-a0-350-ga83eecc (webtiles) character file.

1548 snakesoul the Carver (level 8, -9/70 (73) HPs)
             Began as a Minotaur Fighter on Dec 24, 2016.
             Mangled by removeelyvilon's ghost (11 damage)
             ... on level 6 of the Dungeon.
             The game lasted 00:07:23 (4579 turns).

snakesoul the Carver (Minotaur Fighter)             Turns: 4579, Time: 00:07:24

HP:   -9/70 (73)    AC: 10    Str: 21    XL:     8   Next: 57%
MP:   7/7           EV:  7    Int:  5    God:
Gold: 302           SH: 10    Dex: 12    Spells: 7/7 levels left

rFire  . . .     SeeInvis .     a - +0 long sword
rCold  . . .     Gourm    .     b - +0 scale mail
rNeg   . . .     Faith    .     c - +0 shield
rPois  .         Spirit   .     (helmet restricted)
rElec  .         Reflect  .     (no cloak)
rCorr  .         Harm     .     (no gloves)
MR     .....                    A - +0 pair of boots
Stlth  ..........               (no amulet)
                                (no ring)
                                B - +3 ring of protection

@: heavily drained
A: retaliatory headbutt, horns 2
a: no special abilities


You were on level 6 of the Dungeon.
You were not hungry.

You visited 1 branch of the dungeon, and saw 6 of its levels.

You collected 302 gold pieces.

Inventory:

Hand Weapons
 a - a +0 long sword (weapon)
Missiles
 y - 7 tomahawks (quivered)
Armour
 b - a +0 scale mail (worn)
 c - a +0 shield (worn)
 A - a +0 pair of boots (worn)
Jewellery
 B - a +3 ring of protection (left hand)
Scrolls
 g - 2 scrolls of remove curse {unknown}
 h - a scroll of recharging {unknown}
 i - 3 scrolls of random uselessness {unknown}
 k - a scroll of immolation {unknown}
 l - 8 scrolls of identify
 m - 4 scrolls of teleportation {unknown}
 n - 2 scrolls of fog {unknown}
 p - 2 scrolls of enchant armour {unknown}
 w - 2 scrolls of blinking {unknown}
Potions
 e - 2 potions of agility {unknown}
 j - a potion of degeneration {unknown}
 r - a potion of mutation {unknown}
 s - a potion of brilliance {unknown}
 u - 3 potions of curing {unknown}
 z - 3 potions of haste {unknown}
Books
 o - a book of Necromancy

   Spells                             Type                      Level
   a - Pain                           Necromancy                   1
   b - Animate Skeleton               Necromancy                   1
   c - Vampiric Draining              Necromancy                   3
   d - Regeneration                   Charms/Necromancy            3
   e - Animate Dead                   Necromancy                   4
   f - Control Undead                 Necromancy                   4
 t - a book of Minor Magic

   Spells                             Type                      Level
   a - Magic Dart                     Conjuration                  1
   b - Blink                          Translocation                2
   c - Call Imp                       Summoning                    2
   d - Repel Missiles                 Charms/Air                   2
   e - Slow                           Hexes                        2
   f - Conjure Flame                  Conjuration/Fire             3
   g - Mephitic Cloud                 Conjuration/Poison/Air       3
Comestibles
 d - 6 chunks of flesh
 f - 6 bread rations
 q - a meat ration
 v - a slice of pizza
 x - a beef jerky


   Skills:
 + Level 7.1(5.8) Fighting
 * Level 9.5(8.1) Long Blades
 - Level 3.6(2.4) Armour
 + Level 7.5(6.2) Shields


You had 7 spell levels left.
You didn't know any spells.

Dungeon Overview and Level Annotations

Branches:
Dungeon (6/15)
 Temple: D:4-7

Altars:
Dithmenos
Elyvilon
Makhleb
Qazlal
Sif Muna
Trog
Vehumet
Xom
Zin

Annotations:
D:6 removeelyvilon's ghost, novice DrTm


Innate Abilities, Weirdness & Mutations

You reflexively headbutt those who attack you in melee.
You have a pair of horns on your head.


Message History

Removeelyvilon's ghost is moderately damaged.
Removeelyvilon's ghost hits you!
You block removeelyvilon's ghost's attack.
You hit removeelyvilon's ghost. You headbutt removeelyvilon's ghost.
Removeelyvilon's ghost is heavily damaged.
Removeelyvilon's ghost hits you.
You closely miss removeelyvilon's ghost.
Removeelyvilon's ghost is heavily damaged.
Removeelyvilon's ghost breathes negative energy at you.
The bolt of negative energy hits you!
You feel drained.
Ouch! That really hurt!
* * * LOW HITPOINT WARNING * * *
You hit removeelyvilon's ghost.
Removeelyvilon's ghost is heavily damaged.
Removeelyvilon's ghost breathes negative energy at you.
The bolt of negative energy misses you.
You hit removeelyvilon's ghost.
Removeelyvilon's ghost is heavily damaged.
Removeelyvilon's ghost hits you!
You die...

#########.#
..........#
.........##
########.#
#.# #.# #.#
#W# #@# #.#
#.# #.# #<#
###


You could see removeelyvilon's ghost.

Vanquished Creatures
  A wraith (D:5)
  Menkaure (D:5)
  A necrophage (D:5)
  3 ogres
  A sky beast (D:6)
  A bullfrog (D:5)
  3 scorpions (D:5)
  3 crimson imps
  A hound (D:4)
  A jelly (D:5)
  4 orc wizards
  Jessica (D:3)
  3 worker ants
  Robin (D:2)
  A worker ant zombie (D:5)
  8 adders
  3 gnolls (D:2)
  2 oozes
  An adder zombie (D:5)
  2 dart slugs
  7 leopard geckos
  15 orcs
  3 ball pythons
  5 giant cockroaches
  14 goblins
  10 hobgoblins
  8 jackals
  10 kobolds
  3 quokkas
  4 bats
  5 frilled lizards
  A leopard gecko skeleton (D:5)
  9 rats
136 creatures vanquished.

Notes
Turn   | Place    | Note
-------+----------+-------------------------------------------
     0 | D:1      | snakesoul the Minotaur Fighter began the quest for the Orb.
     0 | D:1      | Reached XP level 1. HP: 19/19 MP: 0/0
   209 | D:1      | Reached XP level 2. HP: 27/27 MP: 1/1
   416 | D:1      | Reached skill level 3 in Long Blades
   882 | D:2      | Reached XP level 3. HP: 23/33 MP: 2/2
  1075 | D:2      | Noticed Robin
  1103 | D:2      | Reached XP level 4. HP: 17/40 MP: 3/3
  1298 | D:1      | Reached skill level 4 in Long Blades
  1426 | D:2      | Killed Robin
  1760 | D:2      | Reached XP level 5. HP: 44/47 MP: 4/4
  1900 | D:2      | Found a shadowy altar of Dithmenos.
  1901 | D:2      | Found a shimmering altar of Xom.
  1901 | D:2      | Found a white marble altar of Elyvilon.
  1907 | D:2      | Found a deep blue altar of Sif Muna.
  2087 | D:3      | Reached skill level 5 in Long Blades
  2130 | D:3      | Reached skill level 5 in Shields
  2512 | D:3      | Noticed Jessica
  2514 | D:3      | Killed Jessica
  2514 | D:3      | Reached XP level 6. HP: 55/55 MP: 5/5
  2575 | D:3      | Found a glowing silver altar of Zin.
  2809 | D:4      | Reached skill level 5 in Fighting
  2809 | D:4      | Reached skill level 6 in Long Blades
  3043 | D:4      | Found a deep blue altar of Sif Muna.
  3073 | D:4      | Found a stormy altar of Qazlal.
  3235 | D:4      | Found a radiant altar of Vehumet.
  3236 | D:4      | Found a burning altar of Makhleb.
  3290 | D:5      | Entered Level 5 of the Dungeon
  3365 | D:5      | Found a bloodstained altar of Trog.
  3383 | D:5      | Reached XP level 7. HP: 52/58 MP: 6/6
  3553 | D:5      | Reached skill level 7 in Long Blades
  3620 | D:5      | Noticed Menkaure
  3620 | D:5      | Noticed a wraith
  3625 | D:5      | Killed Menkaure
  3630 | D:5      | Killed a wraith
  3630 | D:5      | Reached skill level 8 in Long Blades
  3959 | D:5      | Reached XP level 8. HP: 67/67 MP: 7/7
  4127 | D:5      | Reached skill level 9 in Long Blades
  4412 | D:6      | Noticed removeelyvilon's ghost (novice DrTm)
  4577 | D:6      | HP: 1/70 [removeelyvilon's ghost/bolt of negative energy (37)]
  4579 | D:6      | Mangled by removeelyvilon's ghost

Vault maps used:
D:1:      dpeg_arrival_castle
D:2:      chequers_temple_overflow_statue_of_worship, grunt_ministairs_1,
          hex_tiny, minmay_misc_feat_hallway, uniq_robin
D:3:      marbit_many_paths, first_bread, uniq_jessica
D:4:      grunt_temple_overflow_lords_of_destruction, kennysheep_mini,
          lemuel_blue_sif_altar
D:5:      grunt_ministairs_9, bloody_trog, uniq_menkaure
D:6:      minmay_flawed_box, lemuel_crystal_altar

Skill      XL: |  1  2  3  4  5  6  7  8 |
---------------+-------------------------+-----
Shields        | 4 5 6 7 |  7.5
Long Blades    | 3 4 5 6 8 9 |  9.5
Fighting       | 4 5 6 7 |  7.1
Armour         | |  3.6

Action                   |  1- 3 |  4- 6 |  7- 9 || total
-------------------------+-------+-------+-------++-------
Melee: Long sword        |    79 |   189 |   136 ||   404
       Headbutt          |    12 |    37 |    30 ||    79
  Use: Scroll            |       |     1 |       ||     1
       Potion            |       |       |     1 ||     1
  Eat: Chunk             |     1 |     7 |     4 ||    12
Armor: Scale mail        |    43 |    72 |    33 ||   148
Dodge: Dodged            |    30 |    62 |    26 ||   118
Block: Shield            |    56 |   106 |    68 ||   230
       Rpst.: Long sword |     5 |    17 |     9 ||    31
